 Dungeon Crawl Stone Soup version 0.20.1-1-g8b1a95d (console) character file.

4567 hilaritas the Carver (level 9, -4/75 HPs)
             Began as a Demigod Fighter on Mar 12, 2018.
             Killed from afar by an electric eel (11 damage)
             ... with a bolt of electricity
             ... on level 7 of the Dungeon.
             The game lasted 00:23:16 (8116 turns).

hilaritas the Carver (Demigod Fighter)              Turns: 8116, Time: 00:23:16

Health: -4/75      AC: 17    Str: 29    XL:     9   Next: 98%
Magic:  11/11      EV:  6    Int: 12    God:
Gold:   165        SH: 13    Dex: 15    Spells: 8/8 levels left

rFire    + . .     SeeInvis .   d - +0 long sword (slice)
rCold    . . .     Gourm    .   D - +1 shield of Gepaasif {*Drain rPois rF+}
rNeg     . . .     Faith    .   b - +1 plate armour
rPois    +         Spirit   .   (no helmet)
rElec    .         Reflect  .   (no cloak)
rCorr    .         Harm     .   o - +2 pair of gloves
MR       .....                  y - +0 pair of boots
Stlth    ..........             (no amulet)
Regen    0.7/turn               c - +6 ring of slaying
MPRegen  0.2/turn               k - +4 ring of strength

@: no status effects
A: camouflage 1, high mp 1, regeneration 1
a: no special abilities


You were on level 7 of the Dungeon.
You were hungry.

You visited 1 branch of the dungeon, and saw 7 of its levels.

You collected 430 gold pieces.
You spent 265 gold pieces at shops.

Inventory:

Hand Weapons
 a - a +1 long sword
 d - a +0 long sword of slicing (weapon)
 l - a +0 dagger of venom
Armour
 b - a +1 plate armour (worn)
 o - a +2 pair of gloves (worn)
 y - a +0 pair of boots (worn)
 D - the +1 shield of Gepaasif (worn) {*Drain rPois rF+}
   (You bought it in a shop on level 7 of the Dungeon)

   It protects you from fire.
   It protects you from poison.
   It causes draining when unequipped.
Jewellery
 c - a +6 ring of slaying (left hand)
 k - a +4 ring of strength (right hand)
 E - an uncursed ring of magical power
 F - an uncursed ring of resist corrosion
Wands
 i - a wand of confusion (16/48)
 s - a wand of digging (9/24)
 t - a wand of random effects (11/48)
 v - a wand of acid (3/15)
 A - a wand of disintegration (7/24)
 C - a wand of iceblast (5/15)
Scrolls
 p - 5 scrolls of remove curse
 r - 2 scrolls of recharging
 x - a scroll of fear
 z - 2 scrolls of fog
Potions
 e - 2 potions of curing
 g - a potion of ambrosia
 h - 2 potions of haste
 j - a potion of invisibility
 m - a potion of magic {unknown}
 n - 2 potions of mutation
 u - 2 potions of flight
 w - a potion of cancellation {unknown}
Comestibles
 f - 7 bread rations
 q - 2 royal jellies
 B - a meat ration


   Skills:
 * Level 6.2 Fighting
 - Level 10.0 Long Blades
 + Level 4.1 Armour
 + Level 7.5 Shields


You had 8 spell levels left.
You didn't know any spells.

Dungeon Overview and Level Annotations

Branches:
Dungeon (7/15)             Temple (0/1) D:4

Shops:
D:7 [

Annotations:
D:4 exclusion: oklob plant


Innate Abilities, Weirdness & Mutations

You have an increased reservoir of magic. (+10% MP)
Your skin changes colour to match your surroundings (Stealth+).
Your natural rate of healing is unusually fast.


Message History

The electric eel shoots out a bolt of lightning at you!
The bolt of electricity hits the electric eel.
The electric eel completely resists.
The bolt of electricity hits the plant.
The bolt of electricity hits you!
Unknown command.
The electric eel shoots out a bolt of lightning at you!
The bolt of electricity hits the plant.
The bolt of electricity hits you!
The electric eel shoots out a bolt of lightning at you!
The bolt of electricity hits the plant.
The bolt of electricity hits you!
* * * LOW HITPOINT WARNING * * *
The electric eel shoots out a bolt of lightning at you!
The bolt of electricity hits the plant.
The plant is destroyed!
The bolt of electricity hits you!
* * * LOW HITPOINT WARNING * * *
There is an open door here.
The electric eel shoots out a bolt of lightning at you!
The bolt of electricity hits the electric eel.
The electric eel completely resists.
The bolt of electricity hits you!
You die...

.........^...............##..)...
.##.#####......................##
.##.# ##...#######.###.........
....# ###.#### #.###....#.###
##### #..[.# #..#.........#
####.## ##.#...#...#..
#..####.#...#.####. #
##.#..........##... #
###......##.....## ##
##.########........ .##
#.@#...$/≈##'###### ..#
#.#'..≈.≈≈≈#.# #..
..#############.#....P.[≈#.# #..
....[........##≈#....≈;;≈#.# #..
......#.....##≈≈##..≈.$;##≈# #..
............##≈##########≈#####..
..........>.#..#..≈[.≈##≈####....
............#.#'..≈≈.≈≈#≈#....#..
............#.#....≈.≈≈#.######..
............#≈#...P≈.≈≈#.# #....
............#≈##...≈.≈##.# #.##.


You could see 3 electric eels.

Vanquished Creatures
  An unseen horror (D:5)
  Pikel (D:6)
  The ghost of ceb the Fighter, a novice DsFi (D:5)
  A troll (D:6)
  Grinder (D:4)
  The ghost of ceb the Skirmisher, an amateur DsFi (D:7)
  A hungry ghost (D:7)
  Duvessa (D:6)
  2 phantoms
  An ice beast (D:7)
  A sky beast (D:7)
  A centaur (D:6)
  3 ogres
  A crocodile (D:7)
  Blork the orc (D:6)
  A gnoll sergeant (D:6)
  4 bullfrogs
  Dowan (D:6)
  A scorpion (D:5)
  3 wights (D:7)
  3 electric eels (D:7)
  3 crimson imps
  A centaur zombie (D:5)
  A bullfrog skeleton (D:5)
  3 orc wizards
  4 hounds
  A jelly (D:7)
  A gnoll shaman (D:4)
  An orc priest (D:4)
  A centaur skeleton (D:4)
  2 worker ants
  7 gnolls
  A howler monkey skeleton (D:4)
  10 adders
  2 oozes (D:2)
  An adder zombie (D:5)
  3 adder skeletons
  3 worms
  6 leopard geckos
  21 orcs
  9 giant cockroaches
  7 goblins
  5 hobgoblins
  11 jackals
  11 kobolds
  3 quokkas
  A ball python skeleton (D:4)
  8 bats
  10 frilled lizards
  A quokka skeleton (D:5)
  A quokka zombie (D:6)
  5 rats
175 creatures vanquished.

Vanquished Creatures (others)
  5 plants (D:7)
  7 toadstools (D:1)
12 creatures vanquished.

Grand Total: 187 creatures vanquished

Notes
Turn   | Place    | Note
-------+----------+-------------------------------------------
     0 | D:1      | hilaritas the Demigod Fighter began the quest for the Orb.
     0 | D:1      | Reached XP level 1. HP: 18/18 MP: 3/3
   176 | D:1      | Reached skill level 2 in Long Blades
   176 | D:1      | Reached XP level 2. HP: 26/26 MP: 4/4
   611 | D:1      | Reached XP level 3. HP: 31/31 MP: 5/5
  1029 | D:1      | HP: 3/31 [poisoned by a goblin]
  1699 | D:2      | Found a shattered altar of Ashenzari.
  1750 | D:2      | Reached skill level 3 in Long Blades
  1762 | D:2      | Reached XP level 4. HP: 38/38 MP: 6/6
  2516 | D:3      | Reached XP level 5. HP: 34/45 MP: 7/7
  3168 | D:4      | Reached skill level 4 in Long Blades
  3221 | D:4      | Noticed an ogre
  3226 | D:4      | Killed an ogre
  3233 | D:4      | Reached XP level 6. HP: 20/51 MP: 8/8
  3468 | D:4      | Found a staircase to the Ecumenical Temple.
  3594 | D:4      | Reached skill level 5 in Long Blades
  3806 | D:4      | Noticed Grinder
  3806 | D:4      | Paralysed by Grinder for 6 turns
  3833 | D:4      | Paralysed by something for 5 turns
  3840 | D:4      | HP: 4/52 [something (2)]
  3849 | D:4      | Killed Grinder
  3849 | D:4      | Reached skill level 6 in Long Blades
  3849 | D:4      | Reached XP level 7. HP: 26/58 MP: 9/9
  4527 | D:4      | Found a blossoming altar of Fedhas.
  4561 | D:4      | Noticed an oklob plant
  5341 | D:5      | Entered Level 5 of the Dungeon
  5351 | D:5      | Reached skill level 7 in Long Blades
  5565 | D:5      | Killed an unseen horror
  5565 | D:5      | Reached skill level 8 in Long Blades
  5565 | D:5      | Reached skill level 5 in Shields
  5565 | D:5      | Reached XP level 8. HP: 48/67 MP: 10/10
  5686 | D:5      | Noticed ceb's ghost (novice DsFi)
  5721 | D:5      | HP: 5/67 [ceb's ghost (14)]
  5734 | D:5      | Killed ceb's ghost
  5734 | D:5      | Reached skill level 9 in Long Blades
  6291 | D:6      | Noticed Duvessa
  6294 | D:6      | Noticed Dowan
  6338 | D:6      | Killed Duvessa
  6353 | D:6      | Reached XP level 9. HP: 66/72 MP: 11/11
  6381 | D:6      | Killed Dowan
  6513 | D:6      | Noticed Blork the orc
  6579 | D:6      | Killed Blork the orc
  6648 | D:6      | Reached skill level 10 in Long Blades
  6663 | D:6      | Reached skill level 5 in Fighting
  7082 | D:6      | Gained mutation: Your natural rate of healing is unusually fast. [potion of mutation]
  7082 | D:6      | Gained mutation: Your skin changes colour to match your surroundings (Stealth+). [potion of mutation]
  7106 | D:6      | Noticed Pikel
  7116 | D:6      | Killed Pikel
  7476 | D:7      | Found Godwex's Armour Shoppe.
  7553 | D:7      | Bought the +1 shield of Gepaasif {*Drain rPois rF+} for 265 gold pieces
  7825 | D:7      | Noticed ceb's ghost (amateur DsFi)
  7833 | D:7      | Killed ceb's ghost
  8115 | D:7      | HP: 7/75 [electric eel/bolt of electricity (2)]
  8116 | D:7      | Killed from afar by an electric eel

Skill      XL: |  1  2  3  4  5  6  7  8  9 |
---------------+----------------------------+-----
Fighting       | 3 4 6 |  6.2
Long Blades    | 2 3 4 6 8 9 10 | 10.0
Shields        | 3 4 5 7 |  7.5
Armour         | 4 |  4.1

Action                   |  1- 3 |  4- 6 |  7- 9 || total
-------------------------+-------+-------+-------++-------
Melee: Long sword        |   190 |   246 |   412 ||   848
Throw: Javelin           |       |     2 |    24 ||    26
Evoke: Wand              |       |       |     3 ||     3
  Use: Scroll            |     7 |     3 |     7 ||    17
       Potion            |       |     3 |     3 ||     6
  Eat: Chunk             |     3 |     6 |    14 ||    23
       Fruit             |       |       |     2 ||     2
       Royal jelly       |       |       |     1 ||     1
Armor: Scale mail        |   116 |    74 |       ||   190
       Chain mail        |       |    21 |    25 ||    46
       Plate armour      |       |       |   167 ||   167
Dodge: Dodged            |    63 |    45 |    69 ||   177
Block: Shield            |   114 |   112 |   213 ||   439
       Rpst.: Long sword |    16 |    17 |    14 ||    47
